 Dungeon Crawl Stone Soup version 0.28.0-49-g6dfe1f597d (webtiles) character file.

Game seed: 13788011277283648293

2 Zeld the Digger (level 1, -1/10 HPs)
             Began as a Gargoyle Earth Elementalist on May 16, 2022.
             Slain by a jackal (3 damage)
             ... on level 1 of the Dungeon.
             The game lasted 00:00:16 (64 turns).

Zeld the Digger (Gargoyle Earth Elementalist)         Turns: 64, Time: 00:00:17

Health: -1/10      AC:  4    Str: 11    XL:     1   Next: 40%
Magic:  0/3        EV: 11    Int: 15    God:
Gold:   0          SH:  0    Dex: 10    Spells: 3/4 levels left

rFire   . . .      SeeInvis .   (no weapon)
rCold   . . .      Faith    .   (no shield)
rNeg    + . .      Spirit   .   b - +0 robe
rPois   ∞          Reflect  .   (no helmet)
rElec   +          Harm     .   (no cloak)
rCorr   .          Rampage  .   (no gloves)
Will    .....                   (no boots)
Stlth   ++........              (no amulet)
HPRegen 0.03/turn               (no ring)
MPRegen 0.08/turn               (no ring)

@: no status effects
A: sickness immunity, AC +2, negative energy resistance 1, electricity
resistance, torment resistance 1, petrification resistance
a: no special abilities


You were on level 1 of the Dungeon.
You visited 1 branch of the dungeon, and saw 1 of its levels.

Inventory:

Missiles
 c - 26 stones
Armour
 b - a +0 robe (worn)
Potions
 a - a potion of might {unknown}


   Skills:
 * Level 0.1 Fighting
 * Level 0.1 Armour
 + Level 1.5 Dodging
 + Level 2.2 Stealth
 * Level 2.0 Spellcasting
 + Level 0.8 Transmutations
 * Level 3.6 Earth Magic


You had 3 spell levels left.
You knew the following spells:

 Your Spells              Type           Power      Damage    Failure   Level
a - Sandblast             Erth           24%        2d8       4%          1

Your spell library contained the following spells:

 Spells                   Type           Power      Damage    Failure   Level
 Passwall                 Tmut/Erth      6%         N/A       13%         2
 Stone Arrow              Conj/Erth      14%        3d7       30%         3
 Petrify                  Tmut/Erth      8%         N/A       65%         4


Dungeon Overview and Level Annotations

Branches:
Dungeon (1/15)

Altars:


Innate Abilities, Weirdness & Mutations

You are immune to sickness and miasma.
Your stone body is resilient. (AC +2)
You are immune to poison.
You resist negative energy. (rN+)
You are resistant to electric shocks. (rElec)
You are resistant to unholy torment.
You are immune to petrification.


Message History

The jackal is almost dead.
The jackal barely misses you.
You hit the jackal but do no damage.
The jackal is almost dead.
The jackal bites you. The jackal barely misses you.
You are too injured to fight recklessly!
You barely miss the jackal.
The jackal is almost dead.
The jackal closely misses you.
You are too injured to fight recklessly!
You barely miss the jackal.
The jackal is almost dead.
The jackal barely misses you. The jackal bites you.
You hit the jackal but do no damage.
The jackal is severely wounded.
The jackal barely misses you.
You are too injured to fight recklessly!
You barely miss the jackal.
The jackal is severely wounded.
The jackal bites you.
* * * LOW HITPOINT WARNING * * *
You barely miss the jackal.
The jackal is severely wounded.
The jackal bites you but does no damage. x2
You hit the jackal.
The jackal is almost dead.
The jackal bites you.
* * * LOW HITPOINT WARNING * * *
Casting: Sandblast (safe; 4% risk of failure)
Confirm with . or Enter, or press ? or * to list all spells.
Aiming: Sandblast (safe; 4% risk of failure)
Press: ? - help, Shift-Dir - straight line, f/p - jackal
Aim: a jackal (almost dead, 74% to hit)
The blast of sand hits the jackal!
You kill the jackal!
c - 26 stones The jackal closely misses you.
The jackal bites you but does no damage.
The jackal bites you.
You die...

#.#..#.## #..#'#.##
#.......# #####.#.#
#### #..'..#.# .....
#..#..#.#
......#########'##.#
⌠.8..J.K.hh#.......#
......#####@#...####
_.⌠.. #.#..## ....
..#.## ⌠.8 ####.# ..
#.# # #.# ... #..
#..


You could see an endoplasm, 2 jackals and a kobold.

Vanquished Creatures
  2 jackals (D:1)
2 creatures vanquished.

Notes
Turn   | Place    | Note
-------+----------+-------------------------------------------
     0 | D:1      | Zeld the Gargoyle Earth Elementalist began the quest for
                  | the Orb.
     0 | D:1      | Reached XP level 1. HP: 10/10 MP: 3/3
    45 | D:1      | Found a faded altar of an unknown god.
    64 | D:1      | Slain by a jackal

Illustrated notes

Levels and vault maps discovered:
D:1:      dpeg_arrival_erosion, layout_loops_cross,
          hellmonk_ecumenical_altar_dog_temple, serial_shops,
          nicolae_shop_overgrown_old_shop

Action                   || total
-------------------------++-------
Melee: Unarmed           ||    14
 Cast: Sandblast         ||     4
Armor: Robe              ||     7
Dodge: Dodged            ||    10
